 Dungeon Crawl Stone Soup version 0.21.1-1-g345015fe64 (webtiles) character file.

8893 Naru the Cleaver (level 11, -6/97 HPs)
             Began as a Hill Orc Monk on June 20, 2018.
             Was an Elder of Beogh.
             Killed from afar by Azrael (42 damage)
             ... with a fireball
             ... on level 13 of the Dungeon.
             The game lasted 00:26:27 (11640 turns).

Naru the Cleaver (Hill Orc Monk)                   Turns: 11640, Time: 00:26:28

Health: -6/97      AC: 17    Str: 15    XL:     11   Next: 38%
Magic:  13/13      EV: 10    Int: 13    God:    Beogh [****..]
Gold:   333        SH: 11    Dex: 17    Spells: 10/10 levels left

rFire    . . .     SeeInvis .   r - +0 war axe
rCold    . . .     Gourm    .   n - +0 shield
rNeg     . . .     Faith    +   d - +4 scale mail
rPois    .         Spirit   .   q - +0 helmet
rElec    .         Reflect  .   (no cloak)
rCorr    .         Harm     .   (no gloves)
MR       .....                  E - +0 pair of boots of Hopscotch {*Contam Dex+4 Stlth+}
Stlth    ++........             B - amulet of faith
HPRegen  0.26/turn              (no ring)
MPRegen  0.13/turn              b - +3 ring of protection

@: no status effects
A: no striking features
a: Smiting, Recall Orcish Followers, Renounce Religion


You were on level 13 of the Dungeon.
You worshipped Beogh.
Beogh was greatly pleased with you.
You were not hungry.

You visited 1 branch of the dungeon, and saw 12 of its levels.

You collected 558 gold pieces.
You spent 225 gold pieces at shops.

Inventory:

Hand Weapons
 a - a +1 battleaxe of flaming
 r - a +0 war axe (weapon)
 H - a +0 glaive
 K - a +0 glaive
 O - a +2 scimitar of flaming
Missiles
 e - 54 poisoned needles
 J - 8 tomahawks (quivered)
Armour
 d - a +4 scale mail (worn)
 n - a +0 shield (worn)
 q - a +0 helmet (worn)
 E - the +0 pair of boots of Hopscotch (worn) {*Contam Dex+4 Stlth+}
   (You found it on level 5 of the Dungeon)

   It affects your dexterity (+4).
   It causes magical contamination when unequipped.
   It makes you more stealthy.
Jewellery
 b - a +3 ring of protection (right hand)
 B - an amulet of faith (around neck)
 C - an uncursed ring of protection from cold
 F - an uncursed ring of fire
Wands
 m - a wand of disintegration (9)
 o - a wand of scattershot (2)
 y - a wand of enslavement (6)
 A - a wand of flame (66)
 L - a wand of acid (4)
Scrolls
 h - a scroll of identify
 i - 2 scrolls of amnesia
 u - 2 scrolls of blinking
 v - 7 scrolls of teleportation
 w - 4 scrolls of remove curse
 x - a scroll of fog
 G - a scroll of fear
Potions
 f - a potion of cancellation
 g - 2 potions of curing
 j - a potion of brilliance
 k - a potion of might {unknown}
 l - a potion of resistance {unknown}
 p - a potion of flight {unknown}
 s - 3 potions of agility
 z - 3 potions of haste
 D - 6 potions of heal wounds
 I - a potion of berserk rage {unknown}
 N - a potion of degeneration
Books
 t - a book of Minor Magic

   Spells                             Type                      Level
   a - Magic Dart                     Conjuration                  1
   b - Blink                          Translocation                2
   c - Call Imp                       Summoning                    2
   d - Slow                           Hexes                        2
   e - Conjure Flame                  Conjuration/Fire             3
   f - Mephitic Cloud                 Conjuration/Poison/Air       3
 M - a Young Poisoner's Handbook

   Spells                             Type                      Level
   a - Sting                          Conjuration/Poison           1
   b - Poisonous Vapours              Poison/Air                   2
   c - Mephitic Cloud                 Conjuration/Poison/Air       3
   d - Olgreb's Toxic Radiance        Poison                       4
   e - Venom Bolt                     Conjuration/Poison           5
Comestibles
 c - 13 rations


   Skills:
 * Level 9.5 Fighting
 * Level 14.9 Axes
 + Level 6.2 Armour
 + Level 3.9 Dodging
 - Level 1.5 Stealth
 * Level 8.1 Shields
 - Level 3.0 Evocations


You had 10 spell levels left.
You didn't know any spells.

Dungeon Overview and Level Annotations

Branches:
Dungeon (11/15)            Temple (0/1) D:7            Lair (0/6) D:8
    Orc (0/2) D:9

Altars:
Cheibriados
Elyvilon
Fedhas
Gozag
Hepliaklqana
Kikubaaqudgha
Okawaru
Trog
Xom
Zin
The Shining One

Shops:
D:8 !   D:9 ([   D:10 ?

Annotations:
D:4 1 runed door, exclusion: oklob plant
D:7 Blork the orc
D:13 Azrael


Message History

The acid corrodes the hell hound!
The hell hound is heavily wounded.
Azrael gestures at you. The bolt of fire hits you!
* * * LOW HITPOINT WARNING * * *
The crimson imp blinks!
You feel much better.
Bogwik hits the crimson imp with a mace!
The crimson imp blinks!
Your orc knight roars a battlecry!
Your orcs go into a battle-frenzy!
A gargoyle comes into view. It is wielding a mace.
Okay, then.
You're wearing all the rings you can.
Remove which one? (? for menu, Esc to cancel) < or
C - a ring of protection from cold; > or
b - a +3 ring of protection You remove your ring of protection from cold.
Azrael gestures at you.
The fireball explodes!
The fireball engulfs Bogwik.
The fireball engulfs you!
You die...

...... ...... .#
...... #.# ......
#.# ...... #..
...... .. #.#
...... ..9E#####.#
###### 9.EhR§o@#.#
#######o..########
#o...(...<.#
#...#####.## #...#
#o# #...# #.#
#...# #.# #...#
#.# #...#
#.########


You could see Azrael, 2 fire elementals, a hell hound, 2 gargoyles, 2 friendly
orc knights and the friendly Bogwik the orc priest.

Vanquished Creatures
  A two-headed ogre (D:10)
  2 trolls (D:11)
  A hornet (D:10)
  Grinder (D:4)
  A hippogriff (D:7)
  Sigmund (D:4)
  A wyvern (D:6)
  A fire elemental (D:13)
  The ghost of abdbla the Covered, an amateur GrFi (D:4)
  A soldier ant (D:10)
  Edmund (D:4)
  A hell hound (D:13)
  2 porcupines (D:11)
  5 ice beasts
  5 sky beasts
  An orc warrior (D:9)
  2 ogres (D:7)
  7 centaurs
  A big kobold (D:11)
  A wyvern zombie (D:13)
  A water moccasin skeleton (D:9)
  2 scorpions
  3 killer bees (D:10)
  3 wights (D:8)
  2 howler monkeys (D:8)
  2 crimson imps
  A bullfrog zombie (D:5)
  A quasit (D:5)
  A centaur zombie (D:10)
  A jelly (D:10)
  A centaur skeleton (D:4)
  An orc priest (D:8)
  6 hounds
  5 orc wizards
  4 iguanas
  Ijyb (D:4)
  5 worker ants
  5 gnolls
  8 adders
  2 oozes
  An adder skeleton (D:6)
  3 adder zombies
  4 worms
  A dart slug (D:1)
  7 leopard geckos
  31 orcs
  3 bats
  7 giant cockroaches
  5 hobgoblins
  4 jackals (D:1)
  9 kobolds
  9 quokkas
  2 ball pythons
  6 frilled lizards
  A giant cockroach zombie (D:6)
  6 goblins
  A jackal skeleton (D:4)
  2 quokka zombies
  7 rats
  2 fungi (D:4)
  5 plants (D:11)
208 creatures vanquished.

Vanquished Creatures (collateral kills)
  2 two-headed ogres (D:9)
  Nergalle (D:11)
  A centaur skeleton (D:11)
  An efreet (D:13)
  2 trolls (D:11)
  A hell hound (D:13)
  A water moccasin (D:11)
  2 porcupines (D:11)
  An ice beast (D:13)
  2 orc warriors (D:9)
  A phantom (D:10)
  4 centaurs
  A scorpion (D:10)
  3 killer bees (D:10)
  A hound (D:11)
  An orc priest (D:9)
  2 bullfrog skeletons
  An orc wizard (D:9)
  2 worker ants (D:11)
  2 adders
  3 orcs (D:9)
  A quokka (D:10)
  4 kobolds (D:11)
  5 plants (D:11)
45 creatures vanquished.

Vanquished Creatures (others)
  An orc sorcerer (D:11)
  An orc warrior (D:11)
  A jelly (D:13)
  An orc (D:10)
  6 plants (D:11)
10 creatures vanquished.

Grand Total: 263 creatures vanquished

Notes
Turn   | Place    | Note
-------+----------+-------------------------------------------
     0 | D:1      | Naru the Hill Orc Monk began the quest for the Orb.
     0 | D:1      | Reached XP level 1. HP: 19/19 MP: 1/1
   105 | D:1      | Reached XP level 2. HP: 18/27 MP: 2/2
   263 | D:1      | Reached XP level 3. HP: 23/33 MP: 3/3
   508 | D:1      | Reached skill level 5 in Axes
   808 | D:2      | Reached XP level 4. HP: 36/40 MP: 4/4
  1647 | D:3      | Reached skill level 1 in Armour
  1676 | D:3      | Reached skill level 6 in Axes
  1676 | D:3      | Reached XP level 5. HP: 25/47 MP: 5/5
  1779 | D:3      | Noticed an ice beast
  1798 | D:3      | Killed an ice beast
  1798 | D:3      | Reached skill level 1 in Shields
  1798 | D:3      | Reached XP level 6. HP: 36/53 MP: 6/6
  1897 | D:3      | Reached skill level 7 in Axes
  2017 | D:3      | Found an opulent altar of Gozag.
  2228 | D:3      | Found a faded altar of an unknown god.
  2630 | D:4      | Noticed abdbla's ghost (amateur GrFi)
  2656 | D:4      | Killed abdbla's ghost
  2742 | D:4      | Noticed Ijyb
  2745 | D:4      | Noticed Sigmund
  3019 | D:4      | Reached skill level 5 in Fighting
  3019 | D:4      | Reached XP level 7. HP: 51/61 MP: 7/7
  3024 | D:4      | Reached skill level 8 in Axes
  3028 | D:4      | Killed Ijyb
  3233 | D:4      | Killed Sigmund
  3233 | D:4      | Reached skill level 9 in Axes
  3463 | D:4      | Noticed Grinder
  3482 | D:4      | Killed Grinder
  3482 | D:4      | Reached XP level 8. HP: 40/70 MP: 8/8
  3660 | D:4      | Noticed Edmund
  3673 | D:4      | Killed Edmund
  3673 | D:4      | Reached skill level 1 in Evocations
  3679 | D:4      | Found an iron altar of Okawaru.
  3795 | D:4      | Found a blossoming altar of Fedhas.
  3817 | D:4      | Noticed an oklob plant
  4139 | D:4      | Found a runed door.
  4180 | D:5      | Entered Level 5 of the Dungeon
  4218 | D:5      | Got a pair of ichor-stained boots
  4229 | D:5      | Identified the +0 pair of boots of Hopscotch {*Contam Dex+4 Stlth+} (You found it on level 5 of the Dungeon)
  4542 | D:5      | Reached skill level 10 in Axes
  5211 | D:6      | Noticed a wyvern
  5223 | D:6      | HP: 2/70 [wyvern (7)]
  5231 | D:6      | Killed a wyvern
  5641 | D:6      | Reached XP level 9. HP: 64/78 MP: 10/10
  5687 | D:6      | Found a snail-covered altar of Cheibriados.
  6209 | D:7      | Reached skill level 11 in Axes
  6310 | D:7      | Became a worshipper of Beogh the Brigand
  6310 | D:7      | Reached * piety under Beogh
  6310 | D:7      | Reached ** piety under Beogh
  6335 | D:7      | Reached skill level 5 in Shields
  6355 | D:7      | Found a bloodstained altar of Trog.
  6356 | D:7      | Found a hazy altar of Hepliaklqana.
  6656 | D:7      | Found a staircase to the Ecumenical Temple.
  6797 | D:7      | Noticed Blork the orc
  7149 | D:8      | Found Babing's Distillery.
  7215 | D:8      | Bought a potion of heal wounds for 75 gold pieces
  7215 | D:8      | Bought a potion of heal wounds for 75 gold pieces
  7215 | D:8      | Bought a potion of heal wounds for 75 gold pieces
  7244 | D:8      | Found an ancient bone altar of Kikubaaqudgha.
  7589 | D:8      | Found a staircase to the Lair.
  7604 | D:8      | Reached skill level 12 in Axes
  7650 | D:8      | Reached *** piety under Beogh
  7848 | D:9      | Reached XP level 10. HP: 85/88 MP: 12/12
  7859 | D:9      | Found Qayru's Weapon Emporium.
  7902 | D:9      | Found a staircase to the Orcish Mines.
  7986 | D:9      | Noticed a two-headed ogre
  7992 | D:9      | Killed a two-headed ogre
  7992 | D:9      | Reached skill level 13 in Axes
  8409 | D:9      | Found Teusae's Specialty Armours.
  8484 | D:9      | Noticed a two-headed ogre
  8491 | D:9      | Killed a two-headed ogre
  8491 | D:9      | Reached skill level 5 in Armour
  8520 | D:9      | Found a glowing golden altar of the Shining One.
  8521 | D:9      | Found a white marble altar of Elyvilon.
  8672 | D:9      | Found a glowing silver altar of Zin.
  9091 | D:10     | Entered Level 10 of the Dungeon
  9140 | D:10     | Found Ocyxoliyty's Magic Scroll Emporium.
  9179 | D:10     | Gained Bogwik as an ally
  9184 | D:10     | Noticed a two-headed ogre
  9201 | D:10     | Killed a two-headed ogre
  9604 | D:10     | Reached **** piety under Beogh
  9604 | D:10     | Reached skill level 14 in Axes
  9684 | D:10     | Found a shimmering altar of Xom.
  9684 | D:10     | Found a shimmering altar of Xom.
  9685 | D:10     | Found a shimmering altar of Xom.
  9705 | D:10     | Found a shimmering altar of Xom.
  9705 | D:10     | Found a shimmering altar of Xom.
  9706 | D:10     | Found a shimmering altar of Xom.
  9706 | D:10     | Found a shimmering altar of Xom.
  9706 | D:10     | Found a shimmering altar of Xom.
  9766 | D:10     | Paralysed by a hornet for 2 turns
  9775 | D:10     | Paralysed by a hornet for 3 turns
 10446 | D:11     | Reached XP level 11. HP: 71/97 MP: 13/13
 10489 | D:11     | Found a glowing silver altar of Zin.
 10749 | D:11     | Noticed Nergalle
 10768 | D:11     | Killed Nergalle
 11503 | D:11     | You fall through a shaft for 2 floors!
 11630 | D:13     | Noticed Azrael
 11640 | D:13     | Killed from afar by Azrael

Skill      XL: |  1  2  3  4  5  6  7  8  9 10 11 |
---------------+----------------------------------+-----
Fighting       | 4 5 6 7 9 |  9.5
Axes           | 5 6 7 9 10 12 14 | 14.9
Armour         | 1 2 3 4 5 6 |  6.2
Shields        | 1 2 3 4 6 7 8 |  8.1
Evocations     | 2 3 |  3.0
Dodging        | 3 |  3.9
Stealth        | |  1.5

Action                   |  1- 3 |  4- 6 |  7- 9 | 10-12 || total
-------------------------+-------+-------+-------+-------++-------
Melee: Hand axe          |    93 |       |       |       ||    93
       War axe           |       |   173 |   405 |   244 ||   822
Invok: Convert to Beogh  |       |       |     1 |       ||     1
       Recall Orcish Fol |       |       |       |     1 ||     1
Evoke: Wand              |       |       |     1 |     4 ||     5
  Use: Scroll            |       |       |    11 |     7 ||    18
       Potion            |       |       |     1 |     2 ||     3
 Stab: Sleeping          |       |       |     2 |     1 ||     3
       Distracted        |       |       |       |     3 ||     3
  Eat: Ration            |       |     2 |     4 |     4 ||    10
       Chunk             |       |     1 |     2 |       ||     3
Armor: Chain mail        |    74 |   122 |    22 |       ||   218
       Plate armour      |       |       |    86 |       ||    86
       Scale mail        |       |       |   125 |    99 ||   224
Dodge: Dodged            |    46 |    40 |    84 |    73 ||   243
Block: Shield            |    11 |    65 |   205 |   112 ||   393
